 Dungeon Crawl Stone Soup version 0.27.1 (webtiles) character file.

Game seed: 13264957005307120948

7328 voltaire321 the Destroyer (level 10, -1/88 HPs)
             Began as a Black Draconian Conjurer on Aug 29, 2021.
             Was a Priest of Sif Muna.
             Slain by a seven-headed hydra (5 damage)
             ... while petrified by a basilisk
             ... on level 1 of the Lair of Beasts.
             The game lasted 00:34:29 (10135 turns).

voltaire321 the Destroyer (DrCj)                   Turns: 10135, Time: 00:34:29

Health: -1/88      AC: 13    Str: 10    XL:     10   Next: 90%
Magic:  18/20      EV:  2    Int: 22    God:    Sif Muna [***...]
Gold:   396        SH:  0    Dex:  9    Spells: 20/23 levels left

rFire    + . .     SeeInvis .   t - +11 hand axe of the Evening {flame, rF+ Will+}
rCold    . . .     Faith    .   (no shield)
rNeg     + + +     Spirit   .   (armour unavailable)
rPois    ∞         Reflect  .   n - +0 hat
rElec    +         Harm     .   (no cloak)
rCorr    .         Rampage  .   j - +1 pair of gloves
Will     +....                  (no boots)
Stlth    +++.......             c - amulet of regeneration
HPRegen  1.24/turn              i - +4 ring of evasion
MPRegen  0.17/turn              B - +4 ring of protection

@: lethally poisoned (-1 -> -1), petrified, slowed
A: breathe lightning, AC +7, unfitting armour, electricity resistance,
cold-blooded
a: Breathe Lightning, Renounce Religion, Channel Magic, Forget Spell


You were on level 1 of the Lair of Beasts.
You worshipped Sif Muna.
Sif Muna was most pleased with you.
You visited 2 branches of the dungeon, and saw 11 of its levels.
You also visited: Bailey.

You collected 506 gold pieces.
You spent 110 gold pieces at shops.

Inventory:

Hand Weapons
 r - a +3 short sword of venom
 t - the +11 hand axe of the Evening (weapon) {flame, rF+ Will+}
   (You found it on level 5 of the Dungeon)

   It burns those it strikes, dealing additional fire damage.
   Big, fiery blades are also staple armaments of hydra-hunters.
   rF:        It protects you from fire.
   Will:      It increases your willpower.
 y - the +7 spear of Asuu {holy, Fragile rF+ rCorr Int+3}
   (You found it on level 7 of the Dungeon)

   It has been blessed by the Shining One to cause great damage to the undead
   and demons.
   Int:       It affects your intelligence (+3).
   rF:        It protects you from fire.
   rCorr:     It protects you from acid and corrosion.
   Fragile:   It will be destroyed if unequipped.
Missiles
 m - 58 poisoned darts (quivered)
 D - a curare-tipped dart
Armour
 j - a +1 pair of gloves (worn)
 n - a +0 hat (worn)
Jewellery
 c - an amulet of regeneration (around neck)
 g - a ring of positive energy
 i - a +4 ring of evasion (left hand)
 A - a ring of flight
 B - a +4 ring of protection (right hand)
Wands
 w - a wand of polymorph (9)
 z - a wand of acid (19)
 C - a wand of flame (15)
Scrolls
 b - a scroll of immolation
 d - 2 scrolls of teleportation
 k - a scroll of enchant weapon
 v - 2 scrolls of enchant armour
Potions
 a - a potion of haste
 e - a potion of resistance {unknown}
 f - 4 potions of mutation
 l - 5 potions of lignification
 o - 2 potions of attraction {unknown}
 p - 2 potions of flight {unknown}
 q - a potion of brilliance {unknown}
 u - 2 potions of curing
 x - 2 potions of might
 E - a potion of invisibility


   Skills:
 + Level 7.9 Fighting
 + Level 6.9 Dodging
 - Level 5.0 Stealth
 + Level 7.0 Spellcasting
 + Level 8.3 Conjurations
 + Level 7.6 Invocations


You had 20 spell levels left.
You knew the following spells:

 Your Spells              Type           Power      Damage    Failure   Level
a - Magic Dart            Conj           100%       1d8       1%          1
b - Searing Ray           Conj           88%        3d6       1%          2

Your spell library contained the following spells:

 Spells                   Type           Power      Damage    Failure   Level
 Dazzling Flash           Conj/Hex       52%        N/A       4%          3
 Slow                     Hex            7%         N/A       12%         2
 Sublimation of Blood     Necr           3%         N/A       12%         2
 Wereblood                Tmut           7%         N/A       12%         2
 Fulminant Prism          Conj/Hex       13%        3d9       14%         4
 Iskenderun's Mystic Bla  Conj/Tloc      26%        2d7       14%         4
 Confusing Touch          Hex            7%         N/A       24%         3
 Frozen Ramparts          Ice            14%        1d3       24%         3
 Ice Form                 Ice/Tmut       7%         N/A       63%         4
 Summon Ice Beast         Ice/Summ       7%         N/A       63%         4
 Yara's Violent Unravell  Hex/Tmut       3%         3d4       92%         5
 Summon Hydra             Summ           3%         N/A       100%        7


Dungeon Overview and Level Annotations

Branches:
Dungeon (10/15)            Temple (0/1) D:4            Lair (1/6) D:9
 Bailey (visited)
    Orc: D:9-12

Altars:
Ashenzari
Fedhas
Okawaru
Ru
Sif Muna
Vehumet

Shops:
D:4 *?   D:7 (

Annotations:
Lair:1 Sonja


Innate Abilities, Weirdness & Mutations

You can breathe wild blasts of lightning.
Your glossy black scales are hard. (AC +7)
You cannot fit into any form of body armour.
You are resistant to electric shocks. (rElec)
You are cold-blooded and may be slowed by cold attacks.


Message History

You resist with almost no effort.
The seven-headed hydra closely misses you.
The seven-headed hydra bites you but does no damage.
The seven-headed hydra bites you!
The seven-headed hydra bites you but does no damage. x2
The seven-headed hydra bites you.
The seven-headed hydra barely misses you.
You have turned to stone.
The seven-headed hydra bites you!
The seven-headed hydra barely misses you.
The seven-headed hydra bites you but does no damage.
The seven-headed hydra bites you. x2
The seven-headed hydra bites you but does no damage. x2
The seven-headed hydra bites you but does no damage.
The seven-headed hydra bites you.
The seven-headed hydra bites you but does no damage. x2
The seven-headed hydra bites you. The seven-headed hydra bites you!
* * * LOW HITPOINT WARNING * * *
The seven-headed hydra bites you.
* * * LOW HITPOINT WARNING * * *
The basilisk bites you.
* * * LOW HITPOINT WARNING * * *
The seven-headed hydra bites you.
* * * LOW HITPOINT WARNING * * *
The seven-headed hydra barely misses you.
The seven-headed hydra bites you.
* * * LOW HITPOINT WARNING * * *
The seven-headed hydra bites you but does no damage. x3
The seven-headed hydra bites you.
* * * LOW HITPOINT WARNING * * *
The basilisk bites you!
* * * LOW HITPOINT WARNING * * *
The seven-headed hydra bites you.
The seven-headed hydra bites you but does no damage.
The seven-headed hydra bites you.
* * * LOW HITPOINT WARNING * * *
The seven-headed hydra bites you. x2
* * * LOW HITPOINT WARNING * * *
The seven-headed hydra bites you!
You die...

..# .#P.....##
..#. .......P##
♣..#.........# .
#..#..?....#
...........(##
#.?.#........
...........##.#
...#P...@..#...
...#...lD....#.
................
........K.......
.#....#.........
................
#.....<.#......
#...........##.
#............#


You could see a seven-headed hydra, a basilisk and Sonja.

Vanquished Creatures
  A two-headed ogre (D:10)
  Pikel (D:6)
  An orc knight (Bailey)
  A troll (D:9)
  Sigmund (D:6)
  10 yaks
  Menkaure (D:4)
  2 water moccasins
  An orc warrior (Bailey)
  An ice beast (D:8)
  2 sky beasts
  2 black bears
  3 ogres
  7 centaurs
  3 lemures (D:6)
  4 kobold brigands
  A bullfrog (D:8)
  A scorpion (D:4)
  2 water moccasin zombies (D:5)
  A wyvern skeleton (D:7)
  A water moccasin skeleton (D:7)
  The ghost of COBRA the Chopper, a weakling HOFi (D:5)
  9 killer bees
  4 wights (D:10)
  A centaur zombie (D:8)
  5 howler monkeys
  A jelly (D:8)
  A gnoll shaman (D:4)
  4 hounds
  2 centaur skeletons
  5 orc priests
  4 iguanas
  5 orc wizards
  A hound skeleton (D:5)
  A howler monkey skeleton (D:5)
  7 gnolls (D:4)
  8 adders
  An adder skeleton (D:5)
  A worm (D:3)
  2 dart slugs (D:1)
  20 orcs
  9 ball pythons
  6 bats
  5 endoplasms
  2 giant cockroaches
  6 goblins
  9 hobgoblins
  5 quokkas
  7 frilled lizards
  28 kobolds
  5 rats
212 creatures vanquished.

Vanquished Creatures (others)
  3 fungi (D:9)
  2 plants (D:9)
5 creatures vanquished.

Grand Total: 217 creatures vanquished

Notes
Turn   | Place    | Note
-------+----------+-------------------------------------------
     0 | D:1      | voltaire321 the Draconian Conjurer began the quest for the
                  | Orb.
     0 | D:1      | Reached XP level 1. HP: 14/14 MP: 3/3
   247 | D:1      | Reached XP level 2. HP: 22/22 MP: 1/5
   372 | D:1      | Learned a level 2 spell: Searing Ray
   787 | D:1      | Reached skill level 1 in Fighting
   971 | D:1      | Reached XP level 3. HP: 28/28 MP: 2/6
  1230 | D:1      | Found a faded altar of an unknown god.
  1698 | D:2      | Reached XP level 4. HP: 35/35 MP: 2/7
  2474 | D:3      | Found a shimmering blue altar of Sif Muna.
  2480 | D:3      | Became a worshipper of Sif Muna the Loreminder
  2730 | D:4      | Noticed a scorpion
  2743 | D:4      | Killed a scorpion
  2744 | D:4      | Reached XP level 5. HP: 41/41 MP: 1/9
  2862 | D:4      | Noticed an ogre
  2868 | D:4      | Killed an ogre
  2869 | D:4      | Reached skill level 1 in Invocations
  2888 | D:4      | Noticed Menkaure
  2896 | D:4      | Reached XP level 6. HP: 33/50 MP: 1/10
  2917 | D:4      | Killed Menkaure
  2986 | D:4      | Found a staircase to the Ecumenical Temple.
  3358 | D:4      | Noticed a yak
  3522 | D:4      | Reached skill level 5 in Conjurations
  3612 | D:4      | Noticed a yak
  3613 | D:4      | Noticed a yak
  3613 | D:4      | Noticed a yak
  3621 | D:4      | Your scales start taking on a glossy black colour.
  3621 | D:4      | Reached XP level 7. HP: 38/57 MP: 4/12
  3621 | D:4      | Gained mutation: You are resistant to electric shocks.
                  | (rElec) [Black Draconian growth]
  3621 | D:4      | Killed a yak
  3625 | D:4      | Killed a yak
  3625 | D:4      | Killed a yak
  3626 | D:4      | Reached XP level 8. HP: 48/66 MP: 2/14
  3764 | D:4      | Found Fuwnown's Assorted Antiques.
  3765 | D:4      | Found Jatanann's Magic Scroll Shop.
  3774 | D:4      | Reached * piety under Sif Muna
  3905 | D:4      | Bought a scroll of enchant weapon for 75 gold pieces
  3905 | D:4      | Bought a scroll of fear for 35 gold pieces
  4200 | D:5      | Entered Level 5 of the Dungeon
  4719 | D:5      | Identified the +11 hand axe of the Evening {flame, rF+
                  | Will+}
  4783 | D:5      | Found a runed translucent gate.
  4783 | D:5      | Found a runed translucent gate.
  4783 | D:5      | Found a runed translucent gate.
  4784 | D:5      | Noticed COBRA's ghost (weakling HOFi)
  4799 | D:5      | Reached skill level 5 in Stealth
  4810 | D:5      | Killed COBRA's ghost
  4811 | D:5      | Reached skill level 6 in Conjurations
  5592 | D:6      | Reached skill level 5 in Fighting
  5592 | D:6      | Reached XP level 9. HP: 74/74 MP: 10/16
  5700 | D:6      | Reached skill level 5 in Spellcasting
  5773 | D:6      | Noticed Pikel
  5782 | D:6      | Killed Pikel
  5783 | D:6      | Reached skill level 5 in Dodging
  5783 | D:6      | Reached skill level 5 in Invocations
  5934 | D:6      | Identified the +2 chain mail of the Vestibule of Hell {Fly}
  5985 | D:6      | Noticed Sigmund
  5994 | D:6      | Killed Sigmund
  6296 | D:7      | Reached ** piety under Sif Muna
  6430 | D:7      | Reached skill level 7 in Conjurations
  6503 | D:7      | Identified the +7 spear of Asuu {holy, Fragile rF+ rCorr
                  | Int+3}
  6524 | D:7      | Found Ypeezuan's Weapon Shop.
  7083 | D:8      | Reached XP level 10. HP: 81/84 MP: 10/19
  7729 | D:9      | Noticed a death knight
  7925 | D:9      | Found a flagged portal.
  7934 | Bailey   | Entered a bailey
  7982 | Bailey   | Noticed an orc knight
  7984 | Bailey   | Noticed an orc knight
  7989 | Bailey   | Killed an orc knight
  8166 | D:9      | Found a radiant altar of Vehumet.
  8169 | D:9      | Found a broken altar of Ashenzari.
  8172 | D:9      | Found a sacrificial altar of Ru.
  8289 | D:8      | Reached *** piety under Sif Muna
  8509 | D:9      | Found a staircase to the Lair.
  9170 | D:10     | Entered Level 10 of the Dungeon
  9210 | D:10     | Reached skill level 8 in Conjurations
  9522 | D:10     | Noticed a two-headed ogre
  9532 | D:10     | Killed a two-headed ogre
  9864 | D:10     | Found an iron altar of Okawaru.
  9864 | D:10     | Found a blossoming altar of Fedhas.
 10123 | Lair:1   | Entered Level 1 of the Lair of Beasts
 10123 | Lair:1   | Noticed Sonja
 10125 | Lair:1   | Noticed a seven-headed hydra
 10135 | Lair:1   | HP: 4/88 [seven-headed hydra (3)]
 10135 | Lair:1   | Slain by a seven-headed hydra

Illustrated notes

Levels and vault maps discovered:
D:1:      minmay_arrival_wavy_path, layout_rooms,
          hellmonk_ecumenical_altar_leap_of_faith
D:2:      layout_basic
D:3:      layout_basic, led_sif_pool, minmay_crystal_room
D:4:      layout_loops_corners, minmay_temple_entry_glassed_door,
          nicolae_wooded_promenade, uniq_menkaure
D:5:      layout_loops_ring, gammafunk_ghost_nasty_kobolds
D:6:      layout_basic, uniq_sigmund, uniq_pikel
D:7:      layout_cave_pools, serial_shops, nicolae_lakefront_shop
D:8:      layout_basic
D:9:      layout_cave_pods, minmay_overflow_temple_star_quad, dpeg_oklobed_lair,
          enter_bailey_2
D:10:     layout_stronghold, gammafunk_temple_overflow_elements
Lair:1:   layout_layer_cave, grunt_megastairs_1, infiniplex_staircase_pool_2,
          lemuel_fruit_tree, uniq_sonja

Skill      XL: |  1  2  3  4  5  6  7  8  9 10 |
---------------+-------------------------------+-----
Stealth        | 2 3 4 5 |  5.0
Dodging        | 2 3 4 5 6 |  6.9
Fighting       | 1 2 3 5 6 7 |  7.9
Spellcasting   | 3 4 6 7 |  7.0
Invocations    | 1 2 3 4 6 7 |  7.6
Conjurations   | 5 6 7 8 |  8.3

Action                   |  1- 3 |  4- 6 |  7- 9 | 10-12 || total
-------------------------+-------+-------+-------+-------++-------
Melee: Unarmed           |    42 |       |       |       ||    42
       Short sword       |    13 |    64 |    44 |       ||   121
       Tailslap          |     3 |     4 |    12 |     3 ||    22
       Hand axe          |       |       |   103 |    67 ||   170
Throw: Dart              |       |       |       |     3 ||     3
 Cast: Magic Dart        |    65 |    21 |     6 |     3 ||    95
       Searing Ray       |     4 |    19 |    23 |    22 ||    68
 Abil: Breathe Lightning |       |       |     3 |       ||     3
Evoke: Wand              |       |       |       |     2 ||     2
  Use: Scroll            |       |     7 |     1 |     8 ||    16
       Potion            |       |     2 |       |     1 ||     3
 Stab: Sleeping          |       |       |     8 |     1 ||     9
       Distracted        |       |       |     1 |       ||     1
Armor: Skin              |    21 |    24 |    48 |    77 ||   170
Dodge: Dodged            |    32 |    61 |   183 |   186 ||   462
